 Dungeon Crawl Stone Soup version 0.29-a0-839-g4793fd635e (webtiles) character file.

Game seed: 13196522593012662819

111 Malachi the Slasher (level 4, -1/36 HPs)
             Began as a Demigod Gladiator on July 14, 2022.
             Slain by an orc
             ... wielding a +0 hand axe
              (2 damage)
             ... on level 4 of the Dungeon.
             The game lasted 00:02:22 (3437 turns).

Malachi the Slasher (Demigod Gladiator)             Turns: 3437, Time: 00:02:23

Health: -1/36      AC: 10    Str: 15    XL:     4   Next: 36%
Magic:  6/6        EV:  7    Int: 10    God:
Gold:   168        SH:  0    Dex: 19    Spells: 3/3 levels left

rFire   . . .      SeeInvis .   a - +0 long sword
rCold   . . .      Faith    .   (no shield)
rNeg    . . .      Spirit   .   t - +0 chain mail
rPois   .          Reflect  .   c - +0 helmet
rElec   .          Harm     .   b - +0 cloak
rCorr   .          Rampage  .   (no gloves)
Will    .....                   (no boots)
Stlth   ..........              (no amulet)
HPRegen 0.12/turn               (no ring)
MPRegen 0.10/turn               (no ring)

@: no status effects
A: high MP 1, forlorn, divine attributes
a: no special abilities


You were on level 4 of the Dungeon.
You visited 1 branch of the dungeon, and saw 4 of its levels.

You collected 168 gold pieces.

Inventory:

Hand Weapons
 a - a +0 long sword (weapon)
Missiles
 d - 3 throwing nets (quivered)
 e - a javelin
Armour
 b - a +0 cloak (worn)
 c - a +0 helmet (worn)
 t - a +0 chain mail (worn)
Scrolls
 g - a scroll of noise {unknown}
 h - a scroll of acquirement {unknown}
 i - 4 scrolls of identify {unknown}
 m - a scroll of magic mapping {unknown}
 o - a scroll of teleportation {unknown}
 r - a scroll of poison {unknown}
 s - a scroll of brand weapon {unknown}
Potions
 f - a potion of curing {unknown}
 j - 2 potions of ambrosia {unknown}
 k - 2 potions of resistance {unknown}
 l - a potion of degeneration {unknown}
 n - a potion of brilliance {unknown}
 p - a potion of heal wounds {unknown}
 q - a potion of mutation {unknown}


   Skills:
 - Level 1.7 Fighting
 * Level 4.8 Long Blades
 - Level 1.8 Throwing
 - Level 0.3 Armour
 - Level 2.7 Dodging


You had 3 spell levels left.
You didn't know any spells.
Your spell library contained the following spells:

 Spells                   Type           Power      Damage    Failure   Level
 Magic Dart               Conj           0%         1d3       100%        1
 Searing Ray              Conj           0%         2d4       100%        2
 Fulminant Prism          Conj/Hex       0%         3d6       100%        4
 Iskenderun's Mystic Bla  Conj/Tloc      0%         2d3       100%        4
 Lee's Rapid Deconstruct  Erth           0%         3d5*      100%        5


Dungeon Overview and Level Annotations

Branches:
Dungeon (4/15)
 Temple: D:4-7


Innate Abilities, Weirdness & Mutations

You have an increased reservoir of magic. (+10% MP)
You shall have no god before yourself.
Your divine heritage dramatically boosts your attributes as you level up.


Message History

You hit something. The orc hits you but does no damage. Something hits you.
You barely miss something.
The orc hits you from afar with a +0 trident.
Something hits you. Something hits you but does no damage.
The orc hits you but does no damage.
You closely miss something. The orc barely misses you.
Something hits you but does no damage.
You miss something.
The orc hits you from afar with a +0 trident.
Something hits you but does no damage.
You hit something but do no damage. The orc hits you but does no damage.
Something hits you but does no damage.
You slash something!
Reactivating autopickup.
You feel a bit more experienced.
The orc hits you from afar with a +0 trident.
Things that are here:
a +0 dagger; a +0 robe You barely miss the orc.
The orc hits you with a +0 trident!
* * * LOW HITPOINT WARNING * * *
The orc hits you with a +0 mace.
* * * LOW HITPOINT WARNING * * *
The orc hits you but does no damage. x2
The orc attacks as you move away! The orc hits you with a +0 hand axe.
* * * LOW HITPOINT WARNING * * *
The orc hits you but does no damage. The orc attacks as you move away!
The orc hits you with a +0 mace.
* * * LOW HITPOINT WARNING * * *
The orc barely misses you. The orc attacks as you move away!
The orc hits you with a +0 hand axe.
* * * LOW HITPOINT WARNING * * *
The orc attacks as you move away! The orc hits you but does no damage.
The orc closely misses you.
You hit the orc.
The orc is moderately wounded.
The orc barely misses you. The orc hits you but does no damage. x2
You hit the orc.
The orc is moderately wounded.
The orc closely misses you. The orc hits you with a +0 hand axe.
You die...

#.......# #.# #....#
+.......# #.###.#..##
#.......###.#...#...#
#......##.....###.#.#
#......+.#.##...#...#
#####...##.#.####.#.####
#+#...#+#.##..............
###.......#####.######.#####
#.........o@#.#'#......#
#........o##...######.#
+.......oo'......# #.#
##.......##..†...# #.#
#...)...#.......# ###
####'####.......+ ....
#.......# #...... ##......#
+........ +......#


You could see 4 orcs.

Vanquished Creatures
  An orc wizard (D:4)
  2 adders
  A dart slug (D:1)
  6 ball pythons
  5 bats
  11 endoplasms
  A giant cockroach (D:1)
  7 goblins
  5 hobgoblins
  5 jackals
  3 quokkas (D:2)
  6 frilled lizards
  6 kobolds
  2 rats
61 creatures vanquished.

Vanquished Creatures (others)
  A plant (D:3)
1 creature vanquished.

Grand Total: 62 creatures vanquished

Notes
Turn   | Place    | Note
-------+----------+-------------------------------------------
     0 | D:1      | Malachi the Demigod Gladiator began the quest for the Orb.
     0 | D:1      | Reached XP level 1. HP: 17/17 MP: 3/3
    65 | D:1      | Reached skill level 3 in Long Blades
   361 | D:1      | Reached XP level 2. HP: 17/24 MP: 4/4
  1246 | D:2      | Reached XP level 3. HP: 24/29 MP: 5/5
  1899 | D:2      | Reached skill level 4 in Long Blades
  3305 | D:4      | Reached XP level 4. HP: 36/36 MP: 6/6
  3433 | D:4      | HP: 1/36 [orc/+0 hand axe (4)]
  3437 | D:4      | Slain by an orc

Illustrated notes

Levels and vault maps discovered:
D:1:      dpeg_arrival_simpleton_b, layout_loops_ring,
          hellmonk_ecumenical_altar_crossroads
D:2:      layout_loops_ring, minmay_small_reverse_x
D:3:      layout_loops_ring, cheibrodos_ashenzari_chains, serial_bayou,
          serial_bayou_lagoon_b, serial_bayou_lagoon_a, serial_bayou_crossing,
          serial_bayou_pond_b, kennysheep_decorative_pillar
D:4:      nicolae_cairo_tiling_very_big, layout_loops_ring,
          lemuel_coloured_pillars_altar, nemelex_diamond_rough_becter,
          kennysheep_slug_shrine, minmay_temple_entry_wispy,
          minmay_goblin_outpost

Skill      XL: |  1  2  3 |
---------------+----------+-----
Long Blades    | 3 4 |  4.8
Fighting       | |  1.7
Throwing       | |  1.8
Armour         | |  0.3
Dodging        | |  2.7

Action                   |  1- 3 |  4- 6 || total
-------------------------+-------+-------++-------
Melee: Long sword        |   160 |    23 ||   183
       Punch             |     1 |       ||     1
 Stab: Sleeping          |     4 |       ||     4
Armor: Leather armour    |    44 |       ||    44
       Chain mail        |     1 |    30 ||    31
Dodge: Dodged            |   118 |    10 ||   128

Table legend: (Time is in decaauts)
 A = Elapsed time spent in this place.
 B = Non-inter-level travel time spent in this place.
 C = Inter-level travel time spent in this place.
 D = Time resting spent in this place.
 E = Time spent auto-exploring this place.
 F = Levels seen in this place.
 G = Mean time per level.
                   A        B        C        D        E       F      G
               +--------+--------+--------+--------+--------+-----+--------+
         Total |   3523 |   3366 |    157 |    198 |   2707 |   4 |  880.8 |
       Dungeon |   3523 |   3366 |    157 |    198 |   2707 |   4 |  880.8 |
               +--------+--------+--------+--------+--------+-----+--------+

Top non-repeatable levels by time:
     D:1: 1239 daAuts
     D:2: 1131 daAuts
     D:3: 1011 daAuts
     D:4: 140 daAuts
